AoeStats
← Pwncakes

Nomad

507073037Analyzed
4v4 RM · 17d ago on Sep 16, 2026· 36m 7s· 8 players
Game mode
Random Map
Map size
231×231
Population
200
Speed
Normal
Resources
Standard
Victory
Conquest
Starting age
Dark Age
Ending age
Imperial Age
RankedLock teamsTeams togetherTeam positionsShared explorationLock speedFull tech treeHidden civsTurbo modeCheats
Victory
Defeat
🇨🇳 Japanese · China
1386
+16
🇭🇰 Berbers · Hong Kong SAR China
1369
+16
1352
+17
🇺🇸 Wu · United States
1338
+18
🇹🇼 Persians · Taiwan
1397
-18
🇯🇵 Bulgarians · Japan
1390
-17
🇪🇸 Romans · Spain
1357
-16
🇧🇷 Mongols · Brazil
1356
-16
Pwncakes
14:10 Feudal Age
15:18 Stone Mining
17:56 Castle Age
16:18 Fishing Lines
17:25 Loom
17:27 Town Watch
17:56 Fletching
20:15 Bodkin Arrow
21:08 Double-Bit Axe
21:16 Gold Mining
23:22 Bow Saw
25:08 Gold Shaft Mining
25:36 Wheelbarrow
25:06 Treadmill Crane
32:52 Stone Shaft Mining
32:37 Redemption
33:19 Padded Archer Armor
34:22 Hand Cart
35:59 Scale Mail Armor
36:18 Forging
36:54 Ballistics
娘子出來看上帝了
3:42 Loom
13:14 Feudal Age
17:42 Castle Age
16:38 Double-Bit Axe
18:51 Bow Saw
19:54 Horse Collar
27:51 Wheelbarrow
28:46 Forging
28:53 Town Watch
31:54 Scale Barding Armor
35:32 Iron Casting
35:10 Bloodlines
35:00 Husbandry
36:43 Heavy Plow
S.T.A.R.S. Wesker
4:21 Loom
14:05 Feudal Age
22:49 Castle Age
23:51 Medium Warships
24:00 Double-Bit Axe
25:41 Wheelbarrow
36:33 Imperial Age
crazy ant
4:33 Loom
12:13 Feudal Age
13:46 Double-Bit Axe
13:51 Fishing Lines
16:58 Wheelbarrow
18:15 Stone Mining
18:48 Fletching
18:59 Padded Archer Armor
19:47 Forging
21:38 Castle Age
19:48 Padded Archer Armor
20:53 Gold Mining
20:54 Stone Mining
22:32 Gillnets
22:58 Bow Saw
22:45 Bodkin Arrow
24:09 Medium Warships
25:02 Leather Archer Armor
27:01 Hand Cart
29:10 Leather Archer Armor
30:38 Gold Shaft Mining
32:48 Imperial Age
30:56 Bloodlines
32:50 Stone Shaft Mining
32:07 Town Watch
32:40 Kasbah
34:41 Chemistry
34:06 Horse Collar
35:08 Heavy Plow
35:35 Ballistics
36:02 Bracer
36:17 Thumb Ring
|GaoeG| Tifus
3:04 Loom
13:01 Feudal Age
16:47 Wheelbarrow
19:54 Castle Age
21:44 Double-Bit Axe
21:40 Horse Collar
21:52 Gold Mining
22:54 Heavy Plow
23:06 Bow Saw
藥膏
4:52 Loom
13:27 Feudal Age
18:23 Castle Age
17:10 Double-Bit Axe
18:04 Gold Mining
19:03 Medium Warships
19:04 Bow Saw
18:36 Horse Collar
32:55 Wheelbarrow
33:18 Gold Shaft Mining
店小贰
4:17 Loom
13:15 Feudal Age
17:45 Castle Age
16:36 Double-Bit Axe
17:20 Scale Mail Armor
18:07 Fishing Lines
18:53 Bow Saw
23:19 Horse Collar
26:42 Wheelbarrow
28:23 Light Cavalry
35:08 Imperial Age
33:55 Heavy Plow
34:09 Bloodlines
34:08 Scale Barding Armor
34:14 Forging
35:27 Stirrups
35:53 Chain Barding Armor
36:09 Iron Casting
MAZZUCCO
3:37 Loom
14:17 Feudal Age
17:19 Town Watch
20:10 Castle Age
20:17 Double-Bit Axe
21:26 Fletching
22:18 Bodkin Arrow
32:47 Padded Archer Armor
Connection lost

Rejoining the realm…

Still unreachable

The connection could not be restored.

Session expired

The server has moved on; the page needs a fresh start.